 Dungeon Crawl Stone Soup version 0.26-a0-1101-g8f9f7f7418 (webtiles) character file.

Game seed: 16810759856944534758

1612 Delamore the Basher (level 8, 0/49 HPs)
             Began as a Gargoyle Fighter on Dec 15, 2020.
             Slain by a killer bee (4 damage)
             ... on level 6 of the Dungeon.
             The game lasted 00:04:35 (5497 turns).

Delamore the Basher (Gargoyle Fighter)              Turns: 5497, Time: 00:04:35

Health: 0/49       AC: 15    Str: 21    XL:     8   Next: 95%
Magic:  8/8        EV:  5    Int: 10    God:
Gold:   208        SH:  9    Dex:  9    Spells: 7/7 levels left

rFire    . . .     SeeInvis .   y - +0 whip (freeze)
rCold    . . .     Faith    .   c - +0 kite shield
rNeg     + . .     Spirit   .   o - +0 chain mail (curse)
rPois    ∞         Reflect  .   (no helmet)
rElec    +         Harm     .   w - +0 cloak
rCorr    .         Rampage  .   (no gloves)
Will     .....                  (no boots)
Stlth    ..........             (no amulet)
HPRegen  0.16/turn              p - ring of poison resistance
MPRegen  0.11/turn              (no ring)

@: no status effects
A: negative energy resistance 1, electricity resistance, unbreathing,
petrification resistance, miasma immunity, AC +5
a: no special abilities


You were on level 6 of the Dungeon.
You visited 1 branch of the dungeon, and saw 6 of its levels.

You collected 299 gold pieces.
You spent 91 gold pieces at shops.

Inventory:

Hand Weapons
 a - a +0 flail
 y - a +0 whip of freezing (weapon)
Missiles
 u - 4 throwing nets (quivered)
Armour
 c - a +0 kite shield (worn)
 o - a cursed +0 chain mail (worn)
 w - a +0 cloak (worn)
Jewellery
 p - a ring of poison resistance (left hand)
Wands
 b - a wand of flame (28)
 l - a wand of polymorph (5)
 v - a wand of acid (7)
 x - a wand of random effects (39)
Scrolls
 f - 3 scrolls of magic mapping
 h - a scroll of teleportation
 j - a scroll of identify
 k - 2 scrolls of enchant armour
 q - 2 scrolls of noise
 r - a scroll of fog
 z - a scroll of amnesia {unknown}
Potions
 d - a potion of might
 e - 3 potions of lignification {unknown}
 g - 3 potions of curing {unknown}
 i - 2 potions of brilliance {unknown}
 m - 3 potions of magic {unknown}
 n - a potion of resistance {unknown}
 s - a potion of cancellation {unknown}
 t - a potion of heal wounds {unknown}


   Skills:
 - Level 5.0 Fighting
 + Level 10.0 Maces & Flails
 - Level 3.2 Armour
 - Level 5.0 Shields


You had 7 spell levels left.
You didn't know any spells.
Your spell library was empty.

Dungeon Overview and Level Annotations

Branches:
Dungeon (6/15)
 Temple: D:4-7

Altars:
Ashenzari
Gozag

Shops:
D:5 ?


Innate Abilities, Weirdness & Mutations

You are resistant to torment.
Your stone body is resilient. (AC +5)
You are immune to poison.
You resist negative energy. (rN+)
You are resistant to electric shocks. (rElec)
You can survive without breathing.
You are immune to petrification.
You are immune to miasma.


Message History

The killer bee is heavily wounded.
You block the killer bee's attack.
Okay, then.
You barely miss the killer bee.
The killer bee is heavily wounded.
The killer bee stings you but does no damage.
You block the killer bee's attack.
You closely miss the killer bee.
The killer bee is heavily wounded.
The killer bee stings you but does no damage.
You miss the killer bee.
The killer bee is heavily wounded.
You block the killer bee's attack.
You miss the killer bee.
The killer bee is heavily wounded.
The killer bee barely misses you. You block the killer bee's attack.
You barely miss the killer bee.
The killer bee is heavily wounded.
The killer bee stings you.
You die...

##.#.#
####....######.#
+...............
####....######.#
##.#.## ###..#
#########.#
#..>....#.#
#@#.# ####y#.#
#......#
#.##.###
#.##.##.#
#y.yy...#
####.#### #


You could see a killer bee.

Vanquished Creatures
  Pikel (D:5)
  A sky beast (D:5)
  3 lemures (D:5)
  A bullfrog (D:3)
  2 scorpions
  5 killer bees (D:6)
  A howler monkey (D:5)
  A centaur zombie (D:5)
  A bullfrog zombie (D:3)
  A hound (D:5)
  A bullfrog skeleton (D:4)
  Crazy Yiuf (D:3)
  An iguana (D:5)
  4 orc wizards
  6 worker ants
  8 gnolls (D:3)
  6 adders
  A white imp (D:5)
  An ufetubus (D:5)
  3 worms
  4 dart slugs
  3 leopard geckos
  12 orcs
  4 ball pythons
  5 giant cockroaches
  13 goblins
  4 hobgoblins
  6 jackals (D:4)
  9 kobolds
  2 quokkas
  7 bats
  5 frilled lizards
  A leopard gecko skeleton (D:4)
  5 rats
129 creatures vanquished.

Vanquished Creatures (others)
  25 plants (D:2)
25 creatures vanquished.

Grand Total: 154 creatures vanquished

Notes
Turn   | Place    | Note
-------+----------+-------------------------------------------
     0 | D:1      | Delamore the Gargoyle Fighter began the quest for the Orb.
     0 | D:1      | Reached XP level 1. HP: 14/14 MP: 1/1
    87 | D:1      | Reached XP level 2. HP: 18/19 MP: 2/2
   624 | D:1      | Reached XP level 3. HP: 23/24 MP: 3/3
  1200 | D:2      | Reached XP level 4. HP: 21/29 MP: 4/4
  1729 | D:3      | Found a broken altar of Ashenzari.
  1743 | D:3      | Reached skill level 3 in Maces & Flails
  1811 | D:3      | Reached XP level 5. HP: 34/34 MP: 5/5
  2197 | D:3      | Reached XP level 6. HP: 37/40 MP: 6/6
  2209 | D:3      | Reached skill level 5 in Fighting
  2209 | D:3      | Reached skill level 5 in Shields
  2355 | D:3      | Found a runed translucent door.
  2356 | D:3      | Noticed Crazy Yiuf
  2410 | D:3      | Reached skill level 4 in Maces & Flails
  2465 | D:3      | Found an opulent altar of Gozag.
  2994 | D:3      | Paralysed by something for 4 turns
  2999 | D:3      | Killed Crazy Yiuf
  3272 | D:4      | Reached skill level 5 in Maces & Flails
  3428 | D:4      | Reached XP level 7. HP: 44/44 MP: 7/7
  3723 | D:4      | Reached skill level 6 in Maces & Flails
  4095 | D:5      | Entered Level 5 of the Dungeon
  4218 | D:5      | Reached skill level 7 in Maces & Flails
  4367 | D:5      | Found Qarokabb's Magic Scroll Boutique.
  4389 | D:5      | Reached XP level 8. HP: 39/49 MP: 8/8
  4453 | D:5      | Bought a scroll of magic mapping for 49 gold pieces
  4453 | D:5      | Bought a scroll of noise for 14 gold pieces
  4453 | D:5      | Bought a scroll of identify for 28 gold pieces
  4688 | D:5      | Noticed Pikel
  4714 | D:5      | Killed Pikel
  4715 | D:5      | Reached skill level 9 in Maces & Flails
  5487 | D:6      | Reached skill level 10 in Maces & Flails
  5497 | D:6      | Slain by a killer bee

Illustrated notes

Levels and vault maps discovered:
D:1:      elethiomel_arrival_quiet, layout_basic
D:2:      layout_rooms, serial_bayou_lagoon_a, minmay_tetromino_t4
D:3:      layout_loops_ring, nicolae_ashenzari_panopticon,
          overflow_temple_1_default, uniq_crazy_yiuf_cottage
D:4:      layout_loops_ring
D:5:      layout_basic, serial_shops, shop, uniq_pikel
D:6:      layout_loops_corners, uniq_prince_ribbit1, uniq_sigmund

Skill      XL: |  1  2  3  4  5  6  7  8 |
---------------+-------------------------+-----
Shields        | 4 5 |  5.0
Fighting       | 4 5 |  5.0
Maces & Flails | 3 5 7 10 | 10.0
Armour         | |  3.2

Action                   |  1- 3 |  4- 6 |  7- 9 || total
-------------------------+-------+-------+-------++-------
Melee: Flail             |   151 |   281 |   207 ||   639
       Whip              |       |       |   113 ||   113
  Use: Scroll            |       |       |     3 ||     3
Armor: Scale mail        |    96 |     5 |       ||   101
       Chain mail        |       |   174 |   194 ||   368
Dodge: Dodged            |    70 |    62 |    54 ||   186
Block: Kite shield       |    99 |   130 |   149 ||   378

Table legend: (Time is in decaauts)
 A = Elapsed time spent in this place.
 B = Non-inter-level travel time spent in this place.
 C = Inter-level travel time spent in this place.
 D = Time resting spent in this place.
 E = Time spent auto-exploring this place.
 F = Levels seen in this place.
 G = Mean time per level.
                   A        B        C        D        E       F      G
               +--------+--------+--------+--------+--------+-----+--------+
         Total |   5634 |   5479 |    155 |    166 |   4074 |   6 |  939.0 |
       Dungeon |   5634 |   5479 |    155 |    166 |   4074 |   6 |  939.0 |
               +--------+--------+--------+--------+--------+-----+--------+

Top non-repeatable levels by time:
     D:3: 1525 daAuts
     D:5: 1286 daAuts
     D:2: 1041 daAuts
     D:4: 961 daAuts
     D:1: 723 daAuts
     D:6: 95 daAuts
